 Dungeon Crawl Stone Soup version 0.28-a0-60-g54b5640690 (webtiles) character file.

Game seed: 18091320104432904215

4725 quinnr the Stormcaller (level 10, -6/56 HPs)
             Began as a Tengu Air Elementalist on July 30, 2021.
             Was an Initiate of Hepliaklqana.
             Mangled by an ogre (29 damage)
             ... on level 8 of the Dungeon.
             The game lasted 00:22:30 (12611 turns).

quinnr the Stormcaller (Tengu Air Elementalist)    Turns: 12611, Time: 00:22:31

Health: -6/56      AC:  8    Str:  8    XL:     10   Next: 45%
Magic:  3/19       EV: 16    Int: 19    God:    Hepliaklqana [......]
Gold:   357        SH:  0    Dex: 15    Spells: 7/19 levels left

rFire   + . .      SeeInvis .   e - staff of conjuration
rCold   . . .      Faith    .   (no shield)
rNeg    . . .      Spirit   .   v - +2 robe {rF+}
rPois   .          Reflect  .   j - +2 hat
rElec   .          Harm     .   g - +0 cloak
rCorr   .          Rampage  .   s - +0 pair of gloves
Will    .....                   (boots unavailable)
Stlth   +++.......              (no amulet)
HPRegen 0.18/turn               (no ring)
MPRegen 0.16/turn               (no ring)

@: flying quickly and evasively, quick
A: beak, talons 3, nimble flight
a: Renounce Religion


You were on level 8 of the Dungeon.
You worshipped Hepliaklqana.
Hepliaklqana was noncommittal.
You visited 2 branches of the dungeon, and saw 9 of its levels.

You collected 357 gold pieces.

Inventory:

Missiles
 c - 59 poisoned darts
Armour
 f - a +1 robe
 g - a +0 cloak (worn)
 j - a +2 hat (worn)
 o - a +3 leather armour
 s - a +0 pair of gloves (worn)
 v - a +2 robe of fire resistance (worn)
Magical Staves
 e - a staff of conjuration (weapon)
 F - a staff of poison
Jewellery
 E - a ring of protection from cold
Wands
 z - a wand of flame (21)
 A - a wand of iceblast (20)
Scrolls
 i - 2 scrolls of teleportation
 l - 2 scrolls of vulnerability {unknown}
 r - 4 scrolls of holy word
 u - a scroll of enchant weapon
 w - a scroll of magic mapping {unknown}
 x - a scroll of immolation {unknown}
 y - a scroll of fear {unknown}
 B - a scroll of amnesia
 C - a scroll of noise {unknown}
Potions
 a - a potion of heal wounds {unknown}
 b - a potion of attraction
 d - a potion of haste {unknown}
 h - 3 potions of might
 k - 2 potions of lignification
 m - 2 potions of resistance
 n - 6 potions of curing
 p - 2 potions of magic {unknown}
 q - 2 potions of brilliance {unknown}
 t - a potion of flight
 D - a potion of degeneration {unknown}


   Skills:
 + Level 3.7 Fighting
 - Level 3.4 Armour
 - Level 4.0 Dodging
 + Level 3.9 Stealth
 + Level 5.4 Spellcasting
 - Level 1.3 Conjurations
 + Level 15.3 Air Magic


You had 7 spell levels left.
You knew the following spells:

 Your Spells              Type           Power      Damage    Failure   Level
a - Shock                 Conj/Air       100%       1d9       1%          1
b - Airstrike             Air            29%        N/A       1%          4
c - Storm Form            Tmut/Air       17%        N/A       99%         7

Your spell library contained the following spells:

 Spells                   Type           Power      Damage    Failure   Level
 Static Discharge         Conj/Air       53%        N/A       1%          2
 Swiftness                Air            59%        N/A       1%          3
 Corona                   Hex            5%         N/A       12%         1
 Blink                    Tloc           N/A        N/A       19%         2
 Ensorcelled Hibernation  Hex/Ice        10%        N/A       19%         2
 Gell's Gravitas          Tloc           2%         N/A       34%         3
 Lesser Beckoning         Tloc           2%         N/A       34%         3
 Teleport Other           Tloc           5%         N/A       34%         3
 Tukima's Dance           Hex            5%         N/A       34%         3
 Manifold Assault         Tloc           5%         N/A       97%         5


Dungeon Overview and Level Annotations

Branches:
Dungeon (8/15)             Temple (1/1) D:7
   Lair: D:8-11

Altars:
Ashenzari
Cheibriados
Elyvilon
Gozag
Hepliaklqana
Makhleb
Nemelex Xobeh
Okawaru
Qazlal
Ru
Sif Muna
Trog
Vehumet
Wu Jian
Xom
Zin
The Shining One

Shops:
D:2 (   D:5 (


Innate Abilities, Weirdness & Mutations

You have a beak for a mouth.
You have claws for feet.
Your magical nature lets you fly swiftly and evasively.


Message History

Press: ? - help, Shift-Dir - straight line, f - orc priest
Aim: an orc priest, wielding a +0 club and wearing a +0 leather armour (moderately wounded)
The mass of ice explodes!
The iceblast engulfs the orc priest!
You kill the orc priest!
The iceblast engulfs the ogre!
The ogre is heavily wounded.
You hear a shout!
Unknown command.
Unknown command.
Aiming: Iceblast
Press: ? - help, Shift-Dir - straight line The mass of ice explodes!
The iceblast engulfs the ogre.
The ogre is severely wounded.
You hear a shout! x2
Unknown command.
Unknown command.
You hear a shout!
Casting: Shock (safe; 1% risk of failure)
Confirm with . or Enter, or press ? or * to list all spells.
Aiming: Shock (safe; 1% risk of failure)
Press: ? - help, Shift-Dir - straight line, f - ogre
Aim: an ogre, wielding a +0 giant spiked club (severely wounded, 88% to hit)
You feel a surge of power!
The zap hits the ogre.
The ogre is severely wounded.
Unknown command.
Things that are here:
a +0 shortbow; 24 arrows
Casting: Shock (safe; 1% risk of failure)
Confirm with . or Enter, or press ? or * to list all spells.
Aiming: Shock (safe; 1% risk of failure)
Press: ? - help, Shift-Dir - straight line, f/p - ogre
Aim: an ogre, wielding a +0 giant spiked club (severely wounded, 88% to hit)
You feel a surge of power!
The zap hits the ogre.
The ogre is severely wounded.
The zap hits the ogre.
The ogre is almost dead.
There is an escape hatch in the ceiling here.
The ogre hits you with a +0 giant spiked club!!
Ouch! That really hurt!
You die...

#..###.#########)o##
#.......... #..#
#..........#..####....######
##.# ##########(........####
#.# #######o....## ##.#####
#....#..##.^# .()....#
#....#......## .......#
#...o...##...# .......#
#....######### .>.....#
#@O..# .......# ######
.......# ########


You could see an ogre and an orc.

Vanquished Creatures
  A hornet (D:7)
  Sigmund (D:4)
  A wyvern (D:8)
  8 yaks
  A steam dragon (D:7)
  2 water moccasins (D:7)
  2 black bears
  An orc warrior (D:8)
  3 sky beasts
  2 centaurs
  3 ogres
  A phantom (D:6)
  A kobold brigand (D:7)
  2 bullfrogs
  4 scorpions (D:5)
  A water moccasin zombie (D:5)
  A wyvern skeleton (D:7)
  4 killer bees (D:5)
  4 wights (D:3)
  A howler monkey (D:4)
  A centaur zombie (D:5)
  3 orc priests
  A jelly (D:6)
  A gnoll shaman (D:6)
  3 hounds
  A centaur skeleton (D:6)
  Crazy Yiuf (D:5)
  2 iguanas (D:6)
  5 orc wizards
  A hound skeleton (D:4)
  8 adders
  8 gnolls
  2 shadow imps (D:8)
  A white imp (D:6)
  An ufetubus (D:7)
  2 worms
  4 dart slugs
  30 orcs
  2 bats (D:3)
  7 endoplasms
  2 giant cockroaches (D:4)
  5 hobgoblins
  14 jackals
  2 quokkas
  11 ball pythons
  14 frilled lizards
  3 goblins
  5 kobolds
  4 rats
188 creatures vanquished.

Vanquished Creatures (others)
  3 fungi (D:5)
  2 plants (D:7)
5 creatures vanquished.

Grand Total: 193 creatures vanquished

Notes
Turn   | Place    | Note
-------+----------+-------------------------------------------
     0 | D:1      | quinnr the Tengu Air Elementalist began the quest for the
                  | Orb.
     0 | D:1      | Reached XP level 1. HP: 10/10 MP: 4/4
   236 | D:1      | Reached XP level 2. HP: 15/15 MP: 4/6
   341 | D:1      | Reached skill level 5 in Air Magic
   359 | D:1      | Found a faded altar of an unknown god.
   642 | D:1      | Reached XP level 3. HP: 20/20 MP: 3/7
   933 | D:2      | Reached skill level 1 in Fighting
   988 | D:2      | Found Urooghair's Antique Weapon Shop.
  1437 | D:2      | Reached XP level 4. HP: 24/25 MP: 2/9
  2445 | D:3      | Learned a level 4 spell: Airstrike
  2841 | D:3      | Gained mutation: Your magical nature lets you fly swiftly
                  | and evasively. [Tengu growth]
  2841 | D:3      | Reached XP level 5. HP: 29/29 MP: 7/10
  2846 | D:3      | Reached skill level 6 in Air Magic
  3104 | D:3      | Reached skill level 7 in Air Magic
  3198 | D:3      | Reached XP level 6. HP: 34/34 MP: 5/11
  3715 | D:4      | Noticed Sigmund
  3828 | D:4      | Killed Sigmund
  3829 | D:4      | Reached skill level 9 in Air Magic
  3829 | D:4      | Reached XP level 7. HP: 38/38 MP: 3/12
  3993 | D:4      | Found a glowing golden altar of the Shining One.
  4238 | D:5      | Entered Level 5 of the Dungeon
  4528 | D:4      | Reached skill level 10 in Air Magic
  5710 | D:5      | Reached skill level 1 in Armour
  5801 | D:5      | Reached XP level 8. HP: 43/43 MP: 4/13
  6034 | D:5      | Learned a level 7 spell: Storm Form
  6135 | D:5      | Found Wetuog's Weapon Shoppe.
  6395 | D:5      | Reached skill level 11 in Air Magic
  7042 | D:5      | Found a broken altar of Ashenzari.
  7150 | D:5      | Found a runed translucent door.
  7151 | D:5      | Noticed Crazy Yiuf
  7319 | D:5      | Killed Crazy Yiuf
  7824 | D:6      | Reached XP level 9. HP: 45/50 MP: 0/16
  8050 | D:6      | Found an iron altar of Okawaru.
  8051 | D:6      | Found a white marble altar of Elyvilon.
  8888 | D:6      | Reached skill level 12 in Air Magic
  8977 | D:7      | Reached skill level 5 in Spellcasting
  9104 | D:7      | Found a staircase to the Ecumenical Temple.
  9114 | Temple   | Entered the Ecumenical Temple
  9314 | Temple   | Became a worshipper of Hepliaklqana the Forgotten
  9585 | Temple   | Reached skill level 13 in Air Magic
  9994 | Temple   | Reached skill level 14 in Air Magic
 10807 | D:7      | Reached XP level 10. HP: 35/56 MP: 0/18
 11079 | D:7      | Noticed a cyclops
 11091 | D:7      | Paralysed by a hornet for 2 turns
 11458 | D:8      | Reached skill level 15 in Air Magic
 12611 | D:8      | Mangled by an ogre

Illustrated notes

Levels and vault maps discovered:
D:1:      heliophobic_arrival_ceremonial_halls, layout_basic,
          hellmonk_ecumenical_altar_run_dry
D:2:      layout_basic, serial_shops, nicolae_shop_behind_doors, st_stairs_1,
          minmay_lizard_pond
D:3:      layout_loops_corners
D:4:      layout_layer_cave, mainiacjoe_overflow_catwalk, uniq_sigmund
D:5:      layout_loops_cross, mainiacjoe_overflow_brackets, serial_shops,
          nicolae_shop_temple_entry_statues_fountains,
          small_statue_intersection, uniq_crazy_yiuf_cottage
D:6:      layout_basic, mainiacjoe_overflow_divided_tiny
D:7:      layout_gridville, minmay_temple_entry_gardened_gates,
          minmay_joined_circles
D:8:      layout_rooms, special_room [special_room_orc], dk_rats_in_the_wall
Temple:   nicolae_temple_figure_eight

Skill      XL: |  1  2  3  4  5  6  7  8  9 10 |
---------------+-------------------------------+-----
Air Magic      | 5 7 9 10 11 14 15 | 15.3
Fighting       | 1 3 |  3.7
Spellcasting   | 3 4 5 |  5.4
Stealth        | 3 |  3.9
Armour         | 2 3 |  3.4
Dodging        | 3 4 |  4.0
Conjurations   | |  1.3

Action                   |  1- 3 |  4- 6 |  7- 9 | 10-12 || total
-------------------------+-------+-------+-------+-------++-------
Melee: Unarmed           |     6 |       |       |       ||     6
       Kick              |     3 |       |    12 |     6 ||    21
       Peck              |     1 |       |     7 |     1 ||     9
       Staff             |       |       |    39 |    18 ||    57
 Cast: Shock             |    71 |    84 |   192 |    51 ||   398
       Airstrike         |       |     2 |    51 |    23 ||    76
Evoke: Wand              |       |       |       |     2 ||     2
  Use: Scroll            |       |     8 |     3 |       ||    11
       Potion            |       |       |     2 |       ||     2
Armor: Robe              |     5 |     5 |     5 |     9 ||    24
       Leather armour    |       |       |    41 |       ||    41
       Skin              |       |       |    17 |       ||    17
Dodge: Dodged            |     9 |    13 |   112 |    34 ||   168

Table legend: (Time is in decaauts)
 A = Elapsed time spent in this place.
 B = Non-inter-level travel time spent in this place.
 C = Inter-level travel time spent in this place.
 D = Time resting spent in this place.
 E = Time spent auto-exploring this place.
 F = Levels seen in this place.
 G = Mean time per level.
                   A        B        C        D        E       F      G
               +--------+--------+--------+--------+--------+-----+--------+
         Total |  12206 |  11787 |    419 |   2648 |   7877 |   9 | 1356.2 |
       Dungeon |  11268 |  10867 |    401 |   2062 |   7585 |   8 | 1408.5 |
        Temple |    938 |    920 |     18 |    586 |    292 |   1 |  938.0 |
               +--------+--------+--------+--------+--------+-----+--------+

Top non-repeatable levels by time:
     D:4: 2236 daAuts
     D:3: 1779 daAuts
     D:7: 1730 daAuts
     D:5: 1511 daAuts
     D:6: 1435 daAuts
  Temple: 938 daAuts
     D:1: 915 daAuts
     D:2: 847 daAuts
     D:8: 812 daAuts
